 Dungeon Crawl Stone Soup version 0.31-a0-198-g2ad674f65e (webtiles) character file.

Game seed: 8170842643628568003

25 qw the Shooter (level 2, 0/16 HPs)
             Began as a Deep Elf Hunter on June 25, 2023.
             Slain by a worm (5 damage)
             ... on level 2 of the Dungeon.
             The game lasted 00:00:55 (768 turns).

qw the Shooter (Deep Elf Hunter)                     Turns: 768, Time: 00:00:55

Health: 0/16       AC:  3    Str:  8    XL:     2   Next: 82%
Magic:  4/4        EV: 12    Int: 13    God:
Gold:   117        SH:  0    Dex: 18    Spells: 1/1 levels left

rFire   . . .        Y - +0 shortbow
rCold   . . .        (shield currently unavailable)
rNeg    . . .        c - +0 leather armour
rPois   .            (no helmet)
rElec   .            (no cloak)
rCorr   .            (no gloves)
SInv    .            (no boots)
Will    .....        b - amulet of the acrobat
Stlth   ++           (no ring)
HPRegen 0.22/turn    (no ring)
MPRegen 0.09/turn

%: acrobat
@: no status effects
A: no striking features
a: no special abilities


You were on level 2 of the Dungeon.
You visited 1 branch of the dungeon, and saw 2 of its levels.

You collected 117 gold pieces.


   Skills:
 - Level 1.5 Fighting
 + Level 6.5 Ranged Weapons
 - Level 2.4 Dodging
 - Level 1.2 Stealth


You had one spell level left.
You didn't know any spells.
Your spell library was empty.

Inventory:

Hand Weapons
 Y - a +0 shortbow (weapon)
Armour
 c - a +0 leather armour (worn)
Jewellery
 b - an amulet of the acrobat (around neck)
Scrolls
 a - 4 scrolls of identify
 d - a scroll of vulnerability {unknown}

Dungeon Overview and Level Annotations

Branches:
Dungeon (2/15)

Altars:
Nemelex Xobeh

Shops:
D:1 !


Message History

Enter note:
Enter note: You shoot an arrow.
The arrow hits the goblin.
You kill the goblin!
Things that are here:
a +0 dagger; a goblin corpse A rat comes into view.
Enter note:
Enter note:
Enter note:
Enter note:
Enter note:
Enter note: You shoot an arrow.
The arrow hits the rat!
You kill the rat!
A worm comes into view.
You shoot an arrow. The arrow barely misses the worm.
You shoot an arrow. The arrow barely misses the worm.
You shoot an arrow.
The arrow hits the worm but does no damage.
You shoot an arrow.
The arrow hits the worm but does no damage.
You shoot an arrow. The arrow hits the worm.
The worm is lightly wounded.
The worm bites you!
Ouch! That really hurt!
You shoot an arrow.
The arrow hits the worm but does no damage.
The worm is lightly wounded.
You shoot an arrow. The arrow hits the worm.
The worm is lightly wounded.
The worm bites you.
You shoot an arrow. The arrow hits the worm!
The worm is severely wounded.
The worm closely misses you.
You shoot an arrow. The arrow hits the worm.
The worm is almost dead.
You shoot an arrow. The arrow barely misses the worm.
The worm bites you.
You die...

#.##...........
#.#.##...###
#.##....._...##
#.#.##...#
#.####.......##### #
#...#
#..).............##
##.##
######.#..#........
#.### #.......###.###
. #...#
######.........
..^#####.##
#..###.###.#..........
#....@........###.....
##.###w###[## #.#.##
#.# .# #.#.# #.# .#
#.#.# #.. .. #.#.# ###
.# #.#.# .# #.#.## .#
##.#.). #...##.


You could see a worm.

Vanquished Creatures
  A ball python (D:1)
  3 bats
  An endoplasm (D:2)
  2 giant cockroaches (D:1)
  5 goblins
  A hobgoblin (D:1)
  A quokka (D:1)
  4 frilled lizards
  4 kobolds
  2 rats
24 creatures vanquished.

Notes
Turn   | Place    | Note
-------+----------+-------------------------------------------
     0 | D:1      | qw the Deep Elf Hunter began the quest for the Orb.
     0 | D:1      | Reached XP level 1. HP: 12/12 MP: 3/3
     0 | D:1      | 0 ||| qw: Version: 0.3-a-21-g1b9f30f
     0 | D:1      | 0 ||| qw: Game counter: 4862
     0 | D:1      | 0 ||| qw: Melee chars always use a shield: true
     0 | D:1      | 0 ||| qw: God list: Okawaru
     0 | D:1      | 0 ||| qw: Allow faded altars: false
     0 | D:1      | 0 ||| qw: Do Orc after clearing Dungeon:15 true
     0 | D:1      | 0 ||| qw: Do second Lair branch before Depths: true
     0 | D:1      | 0 ||| qw: Lair rune preference: random
     0 | D:1      | 0 ||| qw: Goals: Normal
     0 | D:1      | 0 ||| PLANNING D:1-11
   173 | D:1      | Reached skill level 6 in Ranged Weapons
   173 | D:1      | Reached XP level 2. HP: 16/16 MP: 4/4
   180 | D:1      | Found Ompari's Distillery.
   190 | D:1      | 190 ||| SHOPLISTING potion of curing (39 gold, have 22).
   190 | D:1      | 190 ||| SHOPLISTING potion of haste (130 gold, have 22).
   190 | D:1      | 190 ||| SHOPLISTING potion of heal wounds (65 gold, have
                  | 22).
   318 | D:1      | You fall into a shaft and drop 1 floor!
   328 | D:2      | 328 ||| READING 5 scrolls labelled SEULEMIWOA.
   329 | D:2      | 329 ||| READING scroll labelled TUTSUI WEJEPH.
   338 | D:2      | 338 ||| DROPPING scroll of butterflies.
   339 | D:2      | 339 ||| PLANNING D:1-11
   480 | D:2      | 480 ||| UPGRADING to amulet of the acrobat.
   487 | D:2      | 487 ||| FLEEEEING.
   488 | D:2      | 488 ||| STAIRDANCE
   574 | D:2      | 574 ||| PLANNING D:1-11
   718 | D:2      | Found a sparkling altar of Nemelex Xobeh.
   765 | D:2      | HP: 4/16 [worm (4)]
   768 | D:2      | Slain by a worm

Levels and vault maps discovered:
D:1:      wander_arrival_estate, layout_rooms, serial_shops, shop
D:2:      layout_loops_ring, basic_altar

Skill      XL: |  1 |
---------------+----+-----
Ranged Weapons | 6 |  6.5
Fighting       | |  1.5
Dodging        | |  2.4
Stealth        | |  1.2

Action                     || total
---------------------------++-------
   Fire: Shortbow          ||    77
    Use: Scroll            ||     2
 Armour: Leather armour    ||     4
  Dodge: Dodged            ||     9

Table legend:
 A = Non-vault XP
 B = Vault XP
 C = Vault XP percentage of total XP
 D = Non-vault monster count
 E = Vault monster count
 F = Vault count percentage of total count
                 A         B        C        D         E       F
            +---------+---------+-------+---------+---------+-------
      Total |      36 |       0 |   0.0 |      24 |       0 |   0.0
            +---------+---------+-------+---------+---------+-------
        D:1 |      21 |       0 |   0.0 |      13 |       0 |   0.0
        D:2 |      15 |       0 |   0.0 |      11 |       0 |   0.0
            +---------+---------+-------+---------+---------+-------
